TOP OF THE 1ST |
Pawtucket Paw Sox batting - Pitching for Reading Phillies : RHP Eric Wilkins
|
Pitching: RHP Eric Wilkins
|
|
Batting: LHB Dave Haberle
|
0-0: Called Strike 0-1: Swinging Strike 0-2: Foul Ball, location: 2F 0-2: Ball 1-2: Strikes out swinging
|
Batting: LHB Steven Garcia
|
0-0: Foul Ball, location: 2F 0-1: Ball 1-1: Foul Ball, location: 2F 1-2: Foul Ball, location: 2F 1-2: TRIPLE (Line Drive, 8LXD, EV 109.4 MPH)
|
Batting: LHB Jeff Stone
|
0-0: Ball 1-0: Called Strike 1-1: Ball 2-1: Fly out, F9 (Flyball, 9D, EV 90.6 MPH) Runner from 3rd tags up, SCORES, no throw by RF
|
Batting: RHB Dave Malpeso
|
0-0: Called Strike 0-1: Ball 1-1: Ball 2-1: Foul Ball, location: 2F 2-2: Ball 3-2: Foul Ball, location: 2F 3-2: Base on Balls
|
Batting: RHB Brick Smith
|
0-0: Ball 1-0: Ball 2-0: Ball 3-0: Called Strike 3-1: Base on Balls Dave Malpeso to second
|
Batting: LHB David Wiggins
|
0-0: Swinging Strike 0-1: Ball 1-1: Ball 2-1: Fly out, F3 (Popup, 23F, EV 88.8 MPH)
|
Top of the 1st over - 1 run, 1 hit, 0 errors, 2 left on base; Pawtucket 1 - Reading 0 |
BOTTOM OF THE 1ST |
Reading Phillies batting - Pitching for Pawtucket Paw Sox : LHP John Hobbs
|
Pitching: LHP John Hobbs
|
|
Batting: LHB George Johnson
|
0-0: Ball 1-0: Foul Ball, location: 2F 1-1: Foul Ball, location: 2F 1-2: Ball 2-2: Ground out U3 (Groundball, 3, EV 82.5 MPH)
|
Batting: LHB Paul Hertzler
|
0-0: Called Strike 0-1: Ball 1-1: Foul Ball, location: 2F 1-2: Ball 2-2: Strikes out swinging, 2-3 out at first.
|
Batting: LHB Martino Martin
|
0-0: Ball 1-0: Ball 2-0: Ball 3-0: Base on Balls
|
Batting: LHB Jerald Hammermeister
|
0-0: Foul Ball, location: 2F 0-1: Ball 1-1: Ball 2-1: Ball 3-1: Base on Balls Martino Martin to second
|
Batting: LHB Pedro Rabassa
|
0-0: Ball 1-0: Ball 2-0: Foul Ball, location: 2F 2-1: Ball 3-1: SINGLE (Flyball, 7LS, EV 95.6 MPH) Martino Martin to third Jerald Hammermeister to second Runner from 3rd tries for Home, SAFE, throw by LF to home
|
Batting: RHB Ricardo Rivera
|
0-0: Ball 1-0: Fielders Choice at 2nd, 6-4 (Groundball, 6, EV 86.3 MPH)
|
Bottom of the 1st over - 1 run, 1 hit, 0 errors, 2 left on base; Pawtucket 1 - Reading 1 |
TOP OF THE 2ND |
Pawtucket Paw Sox batting - Pitching for Reading Phillies : RHP Eric Wilkins
|
Batting: RHB Robert Duran
|
0-0: Called Strike 0-1: Ball 1-1: Foul Ball, location: 2F 1-2: Ball 2-2: Strikes out swinging
|
Batting: LHB Steven Blackman
|
0-0: Ball 1-0: Ground out 4-3 (Groundball, 4, EV 108.8 MPH)
|
Batting: RHB Lenny Faedo
|
0-0: Called Strike 0-1: Ground out 5-3 (Groundball, 5, EV 81.9 MPH)
|
Top of the 2nd over - 0 runs, 0 hits, 0 errors, 0 left on base; Pawtucket 1 - Reading 1 |
BOTTOM OF THE 2ND |
Reading Phillies batting - Pitching for Pawtucket Paw Sox : LHP John Hobbs
|
Batting: RHB Greg Dahl
|
0-0: Called Strike 0-1: Ball 1-1: Swinging Strike 1-2: Ball 2-2: Foul Ball, location: 2F 2-2: Strikes out swinging
|
Batting: RHB Daniel Davidsmeier
|
0-0: Ball 1-0: SINGLE (Line Drive, 9LS, EV 96.9 MPH)
|
Batting: RHB Mark Sproesser
|
0-0: Foul Ball, location: 2F 0-1: Foul Ball, location: 2F 0-2: Ball 1-2: Reached on error, E4 (Groundball, 4, EV 90.0 MPH) Daniel Davidsmeier to second
|
Batting: LHB George Johnson
|
0-0: Ball 1-0: Called Strike 1-1: Fly out, F3 (Flyball, 3D, EV 88.1 MPH)
|
Batting: LHB Paul Hertzler
|
0-0: SINGLE (Line Drive, 34D, EV 99.4 MPH) Daniel Davidsmeier to third Mark Sproesser to second Runner from 3rd tries for Home, SAFE, throw by RF to home
|
Batting: LHB Martino Martin
|
0-0: Called Strike 0-1: Ball 1-1: Ball 2-1: Ball 3-1: Base on Balls Mark Sproesser to third Paul Hertzler to second
|
Batting: LHB Jerald Hammermeister
|
0-0: Ball 1-0: Ball 2-0: Ball 3-0: Base on Balls Mark Sproesser scores Paul Hertzler to third Martino Martin to second
|
Batting: LHB Pedro Rabassa
|
0-0: Ball 1-0: SINGLE (Groundball, 56D, EV 98.1 MPH) Paul Hertzler scores Martino Martin to third Jerald Hammermeister to second Runner from 3rd tries for Home, SAFE, throw by LF to home
|
Batting: RHB Ricardo Rivera
|
0-0: Foul Ball, location: 2F 0-1: Foul Ball, location: 2F 0-2: Strikes out swinging
|
Bottom of the 2nd over - 4 runs, 3 hits, 1 error, 2 left on base; Pawtucket 1 - Reading 5 |
TOP OF THE 3RD |
Pawtucket Paw Sox batting - Pitching for Reading Phillies : RHP Eric Wilkins
|
Batting: LHB Dave Haberle
|
0-0: Called Strike 0-1: SINGLE (Groundball, 4MD, EV 96.9 MPH)
|
Batting: LHB Steven Garcia
|
0-0: Ball 1-0: Foul Ball, location: 2F 1-1: Foul Ball, location: 2F 1-2: Fly out, F7 (Flyball, 78M, EV 96.9 MPH)
|
Batting: LHB Jeff Stone
|
0-0: SINGLE (Groundball, 3S, EV 70.6 MPH) (infield hit) Dave Haberle to second
|
Batting: RHB Dave Malpeso
|
0-0: Grounds into double play, 6-4-3 (Groundball, 6M, EV 106.9 MPH)
|
Top of the 3rd over - 0 runs, 2 hits, 0 errors, 1 left on base; Pawtucket 1 - Reading 5 |
BOTTOM OF THE 3RD |
Reading Phillies batting - Pitching for Pawtucket Paw Sox : LHP John Hobbs
|
Batting: RHB Greg Dahl
|
0-0: Ball 1-0: Called Strike 1-1: Called Strike 1-2: Fly out, F4 (Popup, 34, EV 65.0 MPH)
|
Batting: RHB Daniel Davidsmeier
|
0-0: Ball 1-0: Ball 2-0: Foul Ball, location: 2F 2-1: Ball 3-1: Foul Ball, location: 2F 3-2: Base on Balls
|
Batting: RHB Mark Sproesser
|
0-0: Called Strike 0-1: Fly out, F1 (Line Drive, P, EV 74.4 MPH)
|
Batting: LHB George Johnson
|
0-0: Called Strike 0-1: Ball 1-1: Swinging Strike 1-2: Ball 2-2: Ball 3-2: Base on Balls Daniel Davidsmeier to second
|
Batting: LHB Paul Hertzler
|
0-0: Called Strike 0-1: Ball 1-1: Swinging Strike 1-2: Strikes out swinging
|
Bottom of the 3rd over - 0 runs, 0 hits, 0 errors, 2 left on base; Pawtucket 1 - Reading 5 |
TOP OF THE 4TH |
Pawtucket Paw Sox batting - Pitching for Reading Phillies : RHP Eric Wilkins
|
Batting: RHB Brick Smith
|
0-0: Foul Ball, location: 2F 0-1: Ball 1-1: Foul Ball, location: 2F 1-2: Foul Ball, location: 2F 1-2: Foul Ball, location: 2F 1-2: Foul Ball, location: 2F 1-2: Foul Ball, location: 2F 1-2: Strikes out looking
|
Batting: LHB David Wiggins
|
0-0: Fly out, F8 (Flyball, 8RM, EV 85.6 MPH)
|
Batting: RHB Robert Duran
|
0-0: Called Strike 0-1: Foul Ball, location: 2F 0-2: Ball 1-2: Ball 2-2: Ball 3-2: SINGLE (Groundball, 4, EV 108.1 MPH)
|
Batting: LHB Steven Blackman
|
0-0: Ball 1-0: Foul Ball, location: 2F 1-1: Called Strike 1-2: Ball 2-2: Ball 3-2: Foul Ball, location: 2F 3-2: Strikes out looking
|
Top of the 4th over - 0 runs, 1 hit, 0 errors, 1 left on base; Pawtucket 1 - Reading 5 |
BOTTOM OF THE 4TH |
Reading Phillies batting - Pitching for Pawtucket Paw Sox : LHP John Hobbs
|
Batting: LHB Martino Martin
|
0-0: Ground out 6-3 (Groundball, 6M, EV 104.4 MPH)
|
Batting: LHB Jerald Hammermeister
|
0-0: Ball 1-0: Ball 2-0: Called Strike 2-1: Ball 3-1: Foul Ball, location: 2F 3-2: Base on Balls
|
Batting: LHB Pedro Rabassa
|
0-0: Ball 1-0: SINGLE (Line Drive, 8RS, EV 105.0 MPH) Jerald Hammermeister to second
|
Batting: RHB Ricardo Rivera
|
0-0: Fly out, F3 (Popup, 3SF, EV 83.8 MPH)
|
Batting: RHB Greg Dahl
|
0-0: Ball 1-0: Swinging Strike 1-1: Foul Ball, location: 2F 1-2: Strikes out swinging
|
Bottom of the 4th over - 0 runs, 1 hit, 0 errors, 2 left on base; Pawtucket 1 - Reading 5 |
TOP OF THE 5TH |
Pawtucket Paw Sox batting - Pitching for Reading Phillies : RHP Eric Wilkins
|
Batting: RHB Lenny Faedo
|
0-0: Fly out, F9 (Flyball, 9D, EV 95.0 MPH)
|
Batting: LHB Dave Haberle
|
0-0: Ball 1-0: DOUBLE (Groundball, 3L, EV 109.4 MPH)
|
Batting: LHB Steven Garcia
|
0-0: Ball 1-0: Called Strike 1-1: Called Strike 1-2: Ball 2-2: Ball 3-2: Foul Ball, location: 2F 3-2: Base on Balls
|
Batting: LHB Jeff Stone
|
0-0: Fly out, F8 (Flyball, 8LXD, EV 105.6 MPH) Runner from 2nd tags up, SAFE at 3rd, no throw by CF
|
Batting: RHB Dave Malpeso
|
0-0: Ball 1-0: Ball 2-0: Ball 3-0: Base on Balls Steven Garcia to second
|
Batting: RHB Brick Smith
|
0-0: Called Strike 0-1: Swinging Strike 0-2: Strikes out swinging
|
Top of the 5th over - 0 runs, 1 hit, 0 errors, 3 left on base; Pawtucket 1 - Reading 5 |
BOTTOM OF THE 5TH |
Reading Phillies batting - Pitching for Pawtucket Paw Sox : LHP John Hobbs
|
Batting: RHB Daniel Davidsmeier
|
0-0: Ball 1-0: Ball 2-0: Called Strike 2-1: Ground out 6-3 (Groundball, 6, EV 106.3 MPH)
|
Batting: RHB Mark Sproesser
|
0-0: Swinging Strike 0-1: Ball 1-1: Swinging Strike 1-2: Strikes out looking
|
Batting: LHB George Johnson
|
0-0: Ground out 1-3 (Groundball, 13, EV 71.3 MPH)
|
Bottom of the 5th over - 0 runs, 0 hits, 0 errors, 0 left on base; Pawtucket 1 - Reading 5 |
TOP OF THE 6TH |
Pawtucket Paw Sox batting - Pitching for Reading Phillies : RHP Eric Wilkins
|
Batting: LHB David Wiggins
|
0-0: Swinging Strike 0-1: Foul Ball, location: 2F 0-2: Ground out 6-3 (Groundball, 6, EV 79.4 MPH)
|
Batting: RHB Robert Duran
|
0-0: Ball 1-0: Ball 2-0: Ball 3-0: Called Strike 3-1: Called Strike 3-2: Base on Balls
|
Batting: LHB Steven Blackman
|
0-0: Called Strike Robert Duran is caught stealing 2nd base 2-6 0-1: Swinging Strike 0-2: Ball 1-2: Strikes out looking
|
Top of the 6th over - 0 runs, 0 hits, 0 errors, 0 left on base; Pawtucket 1 - Reading 5 |
BOTTOM OF THE 6TH |
Reading Phillies batting - Pitching for Pawtucket Paw Sox : LHP John Hobbs
|
Batting: LHB Paul Hertzler
|
0-0: Ground out 5-3 (Groundball, 5, EV 103.1 MPH)
|
Batting: LHB Martino Martin
|
0-0: Ball 1-0: Swinging Strike 1-1: Ball 2-1: Ball 3-1: Base on Balls
|
Pitching: RHP Sam Bryan
|
|
Batting: LHB Jerald Hammermeister
|
0-0: Ball 1-0: Ball 2-0: Ball 3-0: Base on Balls Martino Martin to second
|
Batting: LHB Pedro Rabassa
|
0-0: Ball 1-0: Fielders Choice at 2nd, 4-6 (Groundball, 4, EV 106.9 MPH) Martino Martin to third
|
Batting: RHB Ricardo Rivera
|
0-0: Ball 1-0: Fly out, F7 (Line Drive, 7, EV 96.3 MPH)
|
Bottom of the 6th over - 0 runs, 0 hits, 0 errors, 2 left on base; Pawtucket 1 - Reading 5 |
TOP OF THE 7TH |
Pawtucket Paw Sox batting - Pitching for Reading Phillies : RHP Eric Wilkins
|
Batting: RHB Lenny Faedo
|
0-0: SINGLE (Line Drive, 4MD, EV 101.9 MPH)
|
Batting: LHB Dave Haberle
|
0-0: Foul Ball, location: 2F 0-1: Called Strike 0-2: Ball 1-2: Ball 2-2: Ball 3-2: Fly out, F7 (Flyball, 7LM, EV 81.9 MPH)
|
Batting: LHB Steven Garcia
|
0-0: Called Strike 0-1: Ball 1-1: Ball 2-1: Swinging Strike Lenny Faedo steals 2nd base 2-2: Ground out 5-3 (Groundball, 56, EV 101.3 MPH)
|
Batting: LHB Jeff Stone
|
0-0: Ball 1-0: Ball 2-0: Called Strike 2-1: Ball 3-1: Base on Balls
|
Batting: RHB Dave Malpeso
|
0-0: Called Strike 0-1: Swinging Strike 0-2: Foul Ball, location: 2F 0-2: Foul Ball, location: 2F 0-2: Ball 1-2: Strikes out swinging
|
Top of the 7th over - 0 runs, 1 hit, 0 errors, 2 left on base; Pawtucket 1 - Reading 5 |
BOTTOM OF THE 7TH |
Reading Phillies batting - Pitching for Pawtucket Paw Sox : RHP Sam Bryan
|
Batting: RHB Greg Dahl
|
0-0: Called Strike 0-1: Ball 1-1: Called Strike 1-2: Fly out, F8 (Flyball, 8RXD, EV 95.6 MPH)
|
Batting: RHB Daniel Davidsmeier
|
0-0: Ball 1-0: Ball 2-0: Ground out 5-3 (Groundball, 5S, EV 83.1 MPH)
|
Batting: RHB Mark Sproesser
|
0-0: Ball 1-0: DOUBLE (Line Drive, 9LM, EV 109.4 MPH)
|
Batting: LHB George Johnson
|
0-0: Ball 1-0: Ball 2-0: Ball 3-0: Base on Balls
|
Batting: LHB Paul Hertzler
|
0-0: Ball 1-0: Swinging Strike 1-1: Swinging Strike 1-2: Strikes out looking
|
Bottom of the 7th over - 0 runs, 1 hit, 0 errors, 2 left on base; Pawtucket 1 - Reading 5 |
TOP OF THE 8TH |
Pawtucket Paw Sox batting - Pitching for Reading Phillies : RHP Eric Wilkins
|
Batting: RHB Brick Smith
|
0-0: Ball 1-0: Ball 2-0: Called Strike 2-1: Ball 3-1: Swinging Strike 3-2: Fly out, F6 (Popup, 6S, EV 63.1 MPH)
|
Batting: LHB David Wiggins
|
0-0: Called Strike 0-1: Ball 1-1: Called Strike 1-2: Ball 2-2: Ball 3-2: Base on Balls
|
Batting: RHB Robert Duran
|
0-0: Ball 1-0: Foul Ball, location: 2F 1-1: Ball 2-1: Fly out, F9 (Flyball, 9D, EV 85.6 MPH)
|
Batting: LHB Steven Blackman
|
0-0: Foul Ball, location: 2F 0-1: Ball 1-1: Ball 2-1: Foul Ball, location: 2F 2-2: Strikes out looking
|
Top of the 8th over - 0 runs, 0 hits, 0 errors, 1 left on base; Pawtucket 1 - Reading 5 |
BOTTOM OF THE 8TH |
Reading Phillies batting - Pitching for Pawtucket Paw Sox : RHP Sam Bryan
|
Batting: LHB Martino Martin
|
0-0: Ball 1-0: Ball 2-0: Called Strike 2-1: SINGLE (Line Drive, 7LS, EV 96.9 MPH)
|
Batting: LHB Jerald Hammermeister
|
0-0: Ball 1-0: Called Strike 1-1: Ball 2-1: Called Strike 2-2: Foul Ball, location: 2F 2-2: Ball 3-2: SINGLE (Flyball, 8LS, EV 96.3 MPH) Martino Martin to second Runner from 2nd tries for 3rd, SAFE, throw by CF made to third
|
Pitching: RHP Craig Burlingame
|
|
Batting: LHB Pedro Rabassa
|
0-0: Called Strike 0-1: Ball 1-1: Ball 2-1: Called Strike 2-2: Ball 3-2: Base on Balls Jerald Hammermeister to second
|
Batting: RHB Ricardo Rivera
|
0-0: Ball 1-0: Swinging Strike 1-1: Swinging Strike 1-2: Strikes out looking
|
Batting: RHB Greg Dahl
|
0-0: Ball 1-0: Ball 2-0: Ball 3-0: Base on Balls Martino Martin scores Jerald Hammermeister to third Pedro Rabassa to second
|
Batting: RHB Daniel Davidsmeier
|
0-0: Ball 1-0: Grounds into double play, 5-4-3 (Groundball, 5, EV 106.3 MPH)
|
Bottom of the 8th over - 1 run, 2 hits, 0 errors, 2 left on base; Pawtucket 1 - Reading 6 |
TOP OF THE 9TH |
Pawtucket Paw Sox batting - Pitching for Reading Phillies : RHP Eric Wilkins
|
Pitching: LHP Frank Treto
|
|
Batting: RHB Lenny Faedo
|
0-0: Called Strike 0-1: Foul Ball, location: 2F 0-2: Foul Ball, location: 2F 0-2: Ball 1-2: Strikes out looking
|
Batting: LHB Dave Haberle
|
0-0: Ground out 6-3 (Groundball, 56D, EV 85.0 MPH)
|
Batting: LHB Steven Garcia
|
0-0: Swinging Strike 0-1: Ball 1-1: Ball 2-1: Foul Ball, location: 2F 2-2: Strikes out looking
|
Top of the 9th over - 0 runs, 0 hits, 0 errors, 0 left on base; Pawtucket 1 - Reading 6 |
|